 Dungeon Crawl Stone Soup version 0.28-a0-687-gb91baff9cc (webtiles) character file.

Game seed: 15919339750692724759

350 Irenicus the Geomancer (level 6, 23/49 HPs)
             Began as a Deep Dwarf Earth Elementalist on Oct 19, 2021.
             Quit the game on level 4 of the Dungeon.
             The game lasted 00:08:24 (1128 turns).

Irenicus the Geomancer (DDEE)                       Turns: 1128, Time: 00:08:24

Health: 23/49      AC:  7    Str: 10 (12) XL:     6   Next: 33%
Magic:  0/10       EV: 14    Int: 14 (17) God:
Gold:   36         SH:  0    Dex: 12 (13) Spells: 9/12 levels left

rFire   . . .      SeeInvis .   e - +0 dagger
rCold   + . .      Faith    .   (no shield)
rNeg    . . .      Spirit   .   j - +2 ring mail {rC+}
rPois   .          Reflect  .   (no helmet)
rElec   .          Harm     .   (no cloak)
rCorr   .          Rampage  .   (no gloves)
Will    .....                   (no boots)
Stlth   +.........              (no amulet)
HPRegen 0.00/turn               E - +4 ring of evasion
MPRegen 0.12/turn               (no ring)

@: no status effects
A: damage resistance, heal wounds, sense surroundings 1, no regeneration
a: Heal Wounds


You were on level 4 of the Dungeon.
You visited 1 branch of the dungeon, and saw 4 of its levels.

You collected 36 gold pieces.


Innate Abilities, Weirdness & Mutations

You are resistant to damage.
You can heal yourself by infusing magical energy.
You passively map a small area around you.
You do not regenerate.


   Skills:
 - Level 2.1 Dodging
 - Level 2.4 Stealth
 + Level 3.5 Spellcasting
 - Level 0.8 Transmutations
 + Level 8.1 Earth Magic


You had 9 spell levels left.
You knew the following spells:

 Your Spells              Type           Power      Damage    Failure   Level
w - Passwall              Tmut/Erth      12%        N/A       13%         2
z - Sandblast             Erth           50%        2d12      1%          1

Your spell library contained the following spells:

 Spells                   Type           Power      Damage    Failure   Level
 Stone Arrow              Conj/Erth      26%        3d8       30%         3
 Corpse Rot               Necr/Air       4%         N/A       63%         2
 Poisonous Vapours        Pois/Air       4%         N/A       63%         2
 Petrify                  Tmut/Erth      15%        N/A       63%         4

Inventory:

Hand Weapons
 e - a +0 dagger (weapon)
Missiles
 a - 12 poisoned darts
Armour
 b - a +0 robe
 g - a +0 ring mail of poison resistance
 j - a +2 ring mail of cold resistance (worn)
Jewellery
 E - a +4 ring of evasion (left hand)
Wands
 h - a wand of iceblast (11)
Scrolls
 d - a scroll of identify {unknown}
 f - a scroll of teleportation {unknown}
 i - a scroll of noise {unknown}

Dungeon Overview and Level Annotations

Branches:
Dungeon (4/15)
 Temple: D:4-7

Altars:

Shops:
D:4

= #.##### #.#....
######## #.#.#..
#......#### #.#.#.#
#. * #....#####.#.#.#
#.* ##.###.......>...
#.###.## ##.###.#.#..
, #.....# #.##....#.#
* #...@g##
##.#........ *
##.###.###[###...####
* #.# ##...## ##.##
##.# ##### #.# *
##g#.#*### #. *
##.###.##.## #+##
#g## ##..g.# ##...##
##.###g##.##
##.....## *
##.#.#.#.#
##.......##


You could see a gnoll shaman.


Message History

Aiming: Sandblast (safe; 1% risk of failure)
Press: ? - help, Shift-Dir - straight line, f/p - gnoll shaman
Aim: a gnoll shaman, wielding a +0 club and wearing a +0 leather armour (moderately wounded, 83% to hit)
The blast of sand hits the gnoll shaman!
The gnoll shaman is severely wounded.
You now have no stones remaining.
The gnoll shaman misses you.
You aren't carrying any potions.
Unknown command.
Okay, then.
You barely miss the gnoll shaman.
The gnoll shaman is severely wounded.
The gnoll shaman utters an invocation to its god.
The gnoll shaman is healed somewhat.
You barely miss the gnoll shaman.
The gnoll shaman is heavily wounded.
The gnoll shaman hits you with a +0 club.
You hit the gnoll shaman.
The gnoll shaman is heavily wounded.
The gnoll shaman prays to its god.
The gnoll shaman is healed somewhat.
You hit the gnoll shaman but do no damage.
The gnoll shaman is moderately wounded.
The gnoll shaman hits you with a +0 club!
* * * LOW HITPOINT WARNING * * *
You aren't carrying any potions.
Unknown command.
Use which ability? (? or * to list)
Your magical essence is drained by the effort!
You feel much better. The gnoll shaman completely misses you.
Are you sure you want to abandon this character and quit the game? (Confirm with "yes".)

Skill      XL: |  1  2  3  4  5  6 |
---------------+-------------------+-----
Earth Magic    | 5 6 7 8 |  8.1
Spellcasting   | 2 3 |  3.5
Dodging        | |  2.1
Stealth        | |  2.4
Transmutations | |  0.8

Action                   |  1- 3 |  4- 6 || total
-------------------------+-------+-------++-------
Melee: Dagger            |    26 |    12 ||    38
       Unarmed           |     3 |       ||     3
Throw: Dart              |     6 |       ||     6
 Cast: Sandblast         |    40 |    34 ||    74
       Passwall          |     2 |     1 ||     3
 Abil: Heal Wounds       |     2 |     1 ||     3
  Use: Potion            |       |     2 ||     2
 Stab: Sleeping          |     1 |     1 ||     2
Armor: Robe              |     7 |     1 ||     8
       Ring mail         |       |     6 ||     6
Dodge: Dodged            |    37 |    18 ||    55

Levels and vault maps discovered:
D:1:      mushboom_english_gardens, layout_basic,
          hellmonk_ecumenical_altar_watching_god, serial_forest,
          infiniplex_forest_lined_2, infiniplex_forest_clump_tiny,
          infiniplex_forest_lined_corner, infiniplex_forest_end_3,
          infiniplex_forest_straight_2, serial_bayou_crossing
D:2:      layout_basic
D:3:      layout_basic, lemuel_doored_altar, kennysheep_big_empty_room,
          minmay_misc_feat_roman, kennysheep_generic_room_12
D:4:      layout_loops_corners, serial_shops, shop, kennysheep_generic_room_4,
          uniq_ijyb

Notes
Turn   | Place    | Note
-------+----------+-------------------------------------------
     0 | D:1      | Irenicus the Deep Dwarf Earth Elementalist began the quest
                  | for the Orb.
     0 | D:1      | Reached XP level 1. HP: 15/15 MP: 3/3
    32 | D:1      | Noticed an eye of devastation
    34 | D:1      | Found a faded altar of an unknown god.
    35 | D:1      | Noticed a great orb of eyes
    35 | D:1      | Noticed a shining eye
    35 | D:1      | Noticed an eye of devastation
    60 | D:1      | Reached XP level 2. HP: 8/22 MP: 0/4
    72 | D:1      | Reached skill level 5 in Earth Magic
   409 | D:1      | You fall into a shaft and drop 1 floor!
   436 | D:2      | Reached XP level 3. HP: 28/28 MP: 3/5
   506 | D:3      | Learned a level 2 spell: Passwall
   642 | D:4      | Reached skill level 6 in Earth Magic
   653 | D:4      | Noticed a wyvern
   762 | D:4      | Noticed a scorpion
   794 | D:4      | Killed a scorpion
   795 | D:4      | Reached skill level 2 in Spellcasting
   795 | D:4      | Reached XP level 4. HP: 20/36 MP: 1/7
   838 | D:4      | Found Zussi's Jewellery Shoppe.
   838 | D:4      | Noticed a phantom
   842 | D:4      | Killed a phantom
   843 | D:4      | Reached skill level 7 in Earth Magic
   843 | D:4      | Reached XP level 5. HP: 24/42 MP: 1/9
   873 | D:4      | Noticed Ijyb
   890 | D:4      | Killed Ijyb
   891 | D:4      | Reached skill level 3 in Spellcasting
   969 | D:4      | Reached XP level 6. HP: 11/49 MP: 0/10
  1006 | D:4      | Reached skill level 8 in Earth Magic
  1128 | D:4      | Quit the game

Vanquished Creatures
  A phantom (D:4)
  A scorpion (D:4)
  A hound (D:4)
  Ijyb (D:4)
  2 iguanas (D:4)
  A hound skeleton (D:4)
  2 adders (D:4)
  5 gnolls
  An adder skeleton (D:4)
  A dart slug (D:1)
  2 orcs
  A ball python (D:1)
  3 bats
  2 endoplasms
  3 giant cockroaches
  A goblin (D:1)
  5 hobgoblins
  A quokka (D:1)
  A frilled lizard (D:2)
  2 kobolds
  3 rats (D:1)
40 creatures vanquished.

Vanquished Creatures (others)
  A plant (D:1)
1 creature vanquished.

Grand Total: 41 creatures vanquished

Table legend: (Time is in decaauts)
 A = Elapsed time spent in this place.
 B = Non-inter-level travel time spent in this place.
 C = Inter-level travel time spent in this place.
 D = Time resting spent in this place.
 E = Time spent auto-exploring this place.
 F = Levels seen in this place.
 G = Mean time per level.
                   A        B        C        D        E       F      G
               +--------+--------+--------+--------+--------+-----+--------+
         Total |   1126 |   1126 |      0 |      0 |      0 |   4 |  281.5 |
       Dungeon |   1126 |   1126 |      0 |      0 |      0 |   4 |  281.5 |
               +--------+--------+--------+--------+--------+-----+--------+

Top non-repeatable levels by time:
     D:4: 502 daAuts
     D:1: 408 daAuts
     D:3: 178 daAuts
     D:2: 36 daAuts

Table legend:
 A = Non-vault XP
 B = Vault XP
 C = Vault XP percentage of total XP
 D = Non-vault monster count
 E = Vault monster count
 F = Vault count percentage of total count
                 A         B        C        D         E       F
            +---------+---------+-------+---------+---------+-------
      Total |     462 |      38 |   7.6 |      38 |       2 |   5.0
            +---------+---------+-------+---------+---------+-------
        D:1 |      40 |       0 |   0.0 |      16 |       0 |   0.0
        D:2 |       2 |       0 |   0.0 |       2 |       0 |   0.0
        D:3 |       8 |       0 |   0.0 |       4 |       0 |   0.0
        D:4 |     412 |      38 |   8.4 |      16 |       2 |  11.1
            +---------+---------+-------+---------+---------+-------
